 Dungeon Sprint DCSS version 0.28.0-49-g6dfe1f597d (webtiles) character file.

Game seed: 2025396538178081312

68 Revguard the Torchbearer (level 8, 0/67 HPs)
             Began as a Demonspawn Gladiator on May 12, 2022.
             Was an Initiate of Yredelemnul.
             Slain by a wolf (3 damage)
             ... in the Dungeon (Sprint VI: "Thunderdome") on May 13, 2022.
             The game lasted 00:10:48 (588 turns).

Revguard the Torchbearer (Demonspawn Gladiator)      Turns: 588, Time: 00:10:48

Health: 0/67       AC: 10    Str: 14    XL:     8   Next: 20%
Magic:  14/14      EV: 13    Int:  9    God:    Yredelemnul [......]
Gold:   130        SH:  0    Dex: 18    Spells: 7/7 levels left

rFire   + + .      SeeInvis .   a - +0 long sword
rCold   + . .      Faith    .   (no shield)
rNeg    + . .      Spirit   .   p - +0 scale mail
rPois   +          Reflect  .   c - +0 helmet
rElec   +          Harm     .   (no cloak)
rCorr   .          Rampage  .   (no gloves)
Will    +....      NoTele   +   (no boots)
Stlth   ..........              q - amulet of Cesuy {Acrobat rPois}
HPRegen 0.21/turn               r - ring of the Pariah {rElec rN+ Will+}
MPRegen 0.14/turn               t - ring of Demons {rPois rF++ rC+}

@: mighty
A: molten scales 1, powered by pain 1, demonic magic 1, weakness stinger 1
a: Renounce Religion, Recall Undead Harvest


You were in the Dungeon.
You worshipped Yredelemnul.
Yredelemnul was aware of your devotion.
You visited 1 branch You collected 310 gold pieces.
You spent 180 gold pieces at shops.

Inventory:

Hand Weapons
 a - a +0 long sword (weapon)
Missiles
 d - a throwing net (quivered)
Armour
 b - a +0 leather armour
 c - a +0 helmet (worn)
 p - a +0 scale mail (worn)
Jewellery
 q - the amulet of Cesuy (around neck) {Acrobat rPois}
   (You bought it in a shop in the Dungeon)

   [amulet of the acrobat]

   It increases your evasion while moving and waiting.
   rPois:     It protects you from poison.
 r - the ring of the Pariah (left hand) {rElec rN+ Will+}
   (You bought it in a shop in the Dungeon)

   [ring of positive energy]

   rElec:     It insulates you from electricity.
   rN:        It protects you from negative energy.
   Will:      It increases your willpower.
 s - the ring of Qoirupura {Fly rN+ rCorr Slay-5}
   (You bought it in a shop in the Dungeon)

   [ring of resist corrosion]

   Slay:      It affects your accuracy & damage with ranged weapons and melee
   (-5).
   rN:        It protects you from negative energy.
   Fly:       It grants you flight.
   rCorr:     It protects you from acid and corrosion.
 t - the ring of Demons (right hand) {rPois rF++ rC+}
   (You bought it in a shop in the Dungeon)

   [ring of protection from cold]

   rF:        It greatly protects you from fire.
   rC:        It protects you from cold.
   rPois:     It protects you from poison.
Wands
 l - a wand of acid (2)
 m - a wand of iceblast (5)
Scrolls
 j - 4 scrolls of blinking
 n - 3 scrolls of fog
Potions
 e - a potion of curing
 f - 3 potions of heal wounds
 g - 4 potions of haste
 h - 2 potions of magic
 i - a potion of berserk rage
 k - a potion of resistance
 o - a potion of mutation {unknown}


   Skills:
 + Level 7.2 Fighting
 + Level 7.7 Long Blades
 + Level 6.6 Throwing
 + Level 5.9 Armour
 + Level 7.5 Dodging
 + Level 8.6 Invocations
 + Level 4.9 Evocations


You had 7 spell levels left.
You didn't know any spells.
Your spell library was empty.

Dungeon Overview and Level Annotations

Branches:
Dungeon (1/1)

Altars:
Cheibriados
Dithmenos
Fedhas
Gozag
Kikubaaqudgha
Makhleb
Okawaru
Qazlal
Ru
Sif Muna
Trog
Uskayaw
Vehumet
Wu Jian
Xom
Yredelemnul
Zin
The Shining One
Beogh
Lugonu

Shops:
D *[??*?*:[((!!!!


Innate Abilities, Weirdness & Mutations

You are partially covered in molten scales. (AC +2)
You sometimes gain a little power by taking damage.
Spells you cast may paralyse adjacent enemies.
You have a small tail.


Message History

The wolf completely misses you. The wolf misses you.
You closely miss the wolf. You tail-slap the wolf.
The wolf is lightly wounded.
The wolf barely misses you.
You barely miss the wolf.
You tail-slap the wolf, but do no damage.
The wolf is lightly wounded.
The wolf completely misses you. The wolf closely misses you.
You closely miss the wolf.
The wolf is lightly wounded.
The wolf bites you but does no damage. x2
You miss the wolf.
The wolf is lightly wounded.
The wolf barely misses you.
You barely miss the wolf.
Your tail-slap misses the wolf.
The wolf is lightly wounded.
The wolf closely misses you. The wolf bites you but does no damage.
You closely miss the wolf.
Your tail-slap misses the wolf.
The wolf is lightly wounded.
The wolf bites you but does no damage. The wolf barely misses you.
You closely miss the wolf. You tail-slap the wolf.
The wolf is moderately wounded.
The wolf closely misses you. x2
You completely miss the wolf.
Your tail-slap misses the wolf.
The wolf is moderately wounded.
The wolf bites you!
* * * LOW HITPOINT WARNING * * *
You hit the wolf.
The wolf is heavily wounded.
The wolf bites you!
* * * LOW HITPOINT WARNING * * *
The wolf closely misses you.
You miss the wolf.
The wolf is heavily wounded.
The wolf bites you but does no damage. The wolf barely misses you.
You closely miss the wolf.
The wolf is heavily wounded.
The wolf bites you.
You die...
Your body rises from the dead as a mindless zombie.

##........)....###...........
#⌠..........###...###........
#⌠..........# #.<.# #[.......
#⌠..........###...###........
##.............###...........
###∩........8.# #.8........∩
##∩.._......###......___∩#
######.8.........8.######
#⌠.@.........⌠#
###h........### #_...[..._#
#_......._# #_......._#
#∩.......∩# ##∩.)...∩##
##.....## ##⌠⌠⌠##


You could see a wolf.

Vanquished Creatures
  Grinder (D)
  Sigmund (D)
  A steam dragon (D)
  Eustachio (D)
  4 sky beasts (D)
  An ogre (D)
  A quasit (D)
  2 gnoll shamans (D)
  Terence (D)
  A hobgoblin (D)
  A ball python skeleton (D)
15 creatures vanquished.

Vanquished Creatures (collateral kills)
  A white imp (D)
  An ufetubus (D)
2 creatures vanquished.

Grand Total: 17 creatures vanquished

Notes
Turn   | Place    | Note
-------+----------+-------------------------------------------
     0 | D        | Revguard the Demonspawn Gladiator began the quest for the
                  | Orb.
     0 | D        | Reached XP level 1. HP: 16/16 MP: 1/1
     0 | D        | Found a shimmering blue altar of Sif Muna.
     0 | D        | Found an ornate altar of the Wu Jian Council.
     1 | D        | Found a bloodstained altar of Trog.
     5 | D        | Round 1.
     6 | D        | Found an iron altar of Okawaru.
     7 | D        | Found a burning altar of Makhleb.
     8 | D        | Found a shadowy altar of Dithmenos.
     8 | D        | Found a snail-covered altar of Cheibriados.
     9 | D        | Found Kuag's Magic Scroll Shop.
     9 | D        | Found Furewk's Staff Store.
    10 | D        | Found Pipruuwo's Magic Scroll Shop.
    10 | D        | Found Nuciv's Must-Have Magic.
    13 | D        | Found a sacrificial altar of Ru.
    25 | D        | Found a basalt altar of Yredelemnul.
    29 | D        | Found a corrupted altar of Lugonu.
    30 | D        | Found a radiant altar of Vehumet.
    30 | D        | Found Aniuff's Distillery.
    32 | D        | Found a shimmering altar of Xom.
    32 | D        | Found Nemut's Do-It-Yourself Clinic.
    33 | D        | Found Luimu's Distillery.
    33 | D        | Found Ekhub's Bottled Wisdom.
    49 | D        | Found an opulent altar of Gozag.
    50 | D        | Found Qadesaoj's Weapon Rack.
    50 | D        | Noticed a gnoll shaman
    51 | D        | Found an ancient bone altar of Kikubaaqudgha.
    51 | D        | Found a hide-covered altar of Uskayaw.
    51 | D        | Found a blossoming altar of Fedhas.
    51 | D        | Found Hiej's Premium Goods.
    51 | D        | Found Mosyirr's Basic Armour.
    51 | D        | Found Riubbu's Miscellaneous Merchandise.
    58 | D        | Killed a gnoll shaman
    59 | D        | Gained mutation: You are partially covered in molten
                  | scales. (AC +2) [demonic ancestry]
    59 | D        | Reached XP level 2. HP: 18/23 MP: 2/2
    59 | D        | Gained mutation: Spells you cast may paralyse adjacent
                  | enemies. [demonic ancestry]
    59 | D        | Reached XP level 3. HP: 22/28 MP: 3/3
    60 | D        | Found a stormy altar of Qazlal.
    66 | D        | Found Zuiprergh's Identification Station.
    67 | D        | Found Ucrukiw's Advanced Armour.
    67 | D        | Found Rokeny's Jewellery.
   106 | D        | Became a worshipper of Yredelemnul the Dark
   113 | D        | Noticed Terence
   123 | D        | Killed Terence
   124 | D        | Reached skill level 1 in Armour
   124 | D        | Reached skill level 1 in Invocations
   127 | D        | Noticed Sigmund
   155 | D        | Killed Sigmund
   156 | D        | Reached skill level 5 in Long Blades
   156 | D        | Reached skill level 5 in Dodging
   156 | D        | Reached skill level 4 in Invocations
   156 | D        | Gained mutation: You have a small tail. [demonic ancestry]
   156 | D        | Reached XP level 4. HP: 36/38 MP: 4/7
   156 | D        | Reached XP level 5. HP: 41/43 MP: 4/8
   161 | D        | Noticed an ogre
   169 | D        | Killed an ogre
   169 | D        | Arena points: 14 (+14) [x2]
   170 | D        | Reached skill level 5 in Fighting
   170 | D        | Reached skill level 5 in Invocations
   170 | D        | Gained mutation: You sometimes gain a little power by
                  | taking damage. [demonic ancestry]
   170 | D        | Reached XP level 6. HP: 44/51 MP: 5/10
   179 | D        | Bought a brightly glowing sapphire amulet for 45 gold
                  | pieces
   179 | D        | Identified the amulet of Cesuy {Acrobat rPois} (You bought
                  | it in a shop in the Dungeon)
   179 | D        | Bought a pitted golden ring for 45 gold pieces
   179 | D        | Identified the ring of the Pariah {rElec rN+ Will+} (You
                  | bought it in a shop in the Dungeon)
   179 | D        | Bought a faintly glowing amber ring for 45 gold pieces
   179 | D        | Identified the ring of Qoirupura {Fly rN+ rCorr Slay-5}
                  | (You bought it in a shop in the Dungeon)
   185 | D        | Bought a warped turquoise ring for 45 gold pieces
   185 | D        | Identified the ring of Demons {rPois rF++ rC+} (You bought
                  | it in a shop in the Dungeon)
   206 | D        | Round 2.
   237 | D        | Noticed Eustachio
   242 | D        | Noticed Grinder
   252 | D        | Killed Eustachio
   252 | D        | Reached * piety under Yredelemnul
   253 | D        | Reached skill level 5 in Throwing
   253 | D        | Reached skill level 6 in Invocations
   257 | D        | Killed Grinder
   257 | D        | Reached ** piety under Yredelemnul
   258 | D        | Reached skill level 5 in Armour
   258 | D        | Reached skill level 7 in Invocations
   258 | D        | Reached XP level 7. HP: 30/59 MP: 10/12
   308 | D        | Arena points: 50 (+36) [x3]
   364 | D        | Round 3.
   406 | D        | Noticed a steam dragon
   422 | D        | Killed a steam dragon
   423 | D        | Reached skill level 8 in Invocations
   500 | D        | Reached XP level 8. HP: 17/67 MP: 14/14
   534 | D        | Arena points: 68 (+18) [x1]
   549 | D        | Round 4.
   586 | D        | HP: 3/67 [wolf (7)]
   588 | D        | Slain by a wolf

Illustrated notes

Levels and vault maps discovered:
D:        arena_sprint

Skill      XL: |  1  2  3  4  5  6  7 |
---------------+----------------------+-----
Long Blades    | 4 5 6 7 |  7.7
Throwing       | 2 4 5 6 |  6.6
Dodging        | 4 5 6 7 |  7.5
Fighting       | 4 5 6 7 |  7.2
Armour         | 3 5 |  5.9
Invocations    | 4 5 7 8 |  8.6
Evocations     | 3 4 |  4.9

Action                   |  1- 3 |  4- 6 |  7- 9 || total
-------------------------+-------+-------+-------++-------
Melee: Long sword        |    26 |    15 |    81 ||   122
       Tailslap          |       |     3 |    14 ||    17
       Punch             |       |       |     1 ||     1
Throw: Throwing net      |     1 |     1 |       ||     2
Evoke: Wand              |       |     3 |       ||     3
  Use: Potion            |     1 |       |       ||     1
 Stab: Held in net/web   |     1 |       |       ||     1
Armor: Scale mail        |     4 |     9 |    63 ||    76
       Leather armour    |     1 |       |       ||     1
Dodge: Dodged            |    19 |    16 |    62 ||    97
